 Dungeon Crawl Stone Soup version 0.25-a0-178-gc9f82b1288 (webtiles) character file.

Game seed: 2670330862815521168, levelgen mode: deterministic

16 vurker the Bolt Thrower (level 2, -8/18 HPs)
             Began as a Kobold Hunter on Nov 26, 2019.
             Killed from afar by an orc wizard (9 damage)
             ... with a magic dart
             ... on level 1 of the Dungeon.
             The game lasted 00:02:10 (1316 turns).

vurker the Bolt Thrower (Kobold Hunter)             Turns: 1316, Time: 00:02:11

Health: -8/18      AC:  6    Str:  9    XL:     2   Next: 75%
Magic:  2/2        EV: 11    Int: 12    God:
Gold:   71         SH:  0    Dex: 15    Spells: 1/1 levels left

rFire    . . .     SeeInvis .   b - +0 short sword
rCold    . . .     Gourm    .   (shield restricted)
rNeg     . . .     Faith    .   h - +0 scale mail
rPois    .         Spirit   .   (no helmet)
rElec    .         Reflect  .   (no cloak)
rCorr    .         Harm     .   (no gloves)
MR       .....                  (no boots)
Stlth    ..........             (no amulet)
HPRegen  0.06/turn              (no ring)
MPRegen  0.08/turn              (no ring)

@: no status effects
A: small, carnivore
a: no special abilities


You were on level 1 of the Dungeon.
You were very full.

You visited 1 branch of the dungeon, and saw 2 of its levels.

You collected 71 gold pieces.

Inventory:

Hand Weapons
 a - a +1 hand crossbow
 b - a +0 short sword (weapon)
Missiles
 d - 20 bolts
Armour
 h - a +0 scale mail (worn)
   (You found it on level 1 of the Dungeon)
Scrolls
 c - a scroll of fog {unknown}
 i - a scroll of random uselessness {unknown}
 l - a scroll of identify {unknown}
 m - a scroll of immolation {unknown}
Potions
 f - a potion of might {unknown}
 g - a potion of heal wounds {unknown}
 j - a potion of curing {unknown}
Comestibles
 e - 4 rations


   Skills:
 + Level 2.4 Fighting
 * Level 1.6 Short Blades
 * Level 5.2 Crossbows
 - Level 2.4 Dodging
 - Level 1.3 Stealth


You had one spell level left.
You didn't know any spells.
Your spell library was empty.

Dungeon Overview and Level Annotations

Branches:
Dungeon (2/15)

Altars:


Innate Abilities, Weirdness & Mutations

You are small and have problems with some larger weapons.
You are carnivorous and can eat meat at any time.


Message History

You hit the hobgoblin but do no damage. The goblin hits you but does no damage.
The hobgoblin hits you but does no damage.
You hit the hobgoblin.
You kill the hobgoblin!
The goblin barely misses you.
You hit the goblin.
You kill the goblin!
No target in view!
No target in view!
You climb downwards.
The bat barely misses you. The kobold closely misses you.
There is a stone staircase leading up here.
The bat closely misses you. The kobold hits you but does no damage.
Something hits you.
Deactivating autopickup; reactivate with Ctrl-A.
You climb upwards.
Reactivating autopickup.
There is a stone staircase leading down here.
Unknown command.
You closely miss the kobold. The kobold hits you with a +0 club.
Something hits you but does no damage.
Deactivating autopickup; reactivate with Ctrl-A.
You closely miss the kobold. The kobold hits you with a +0 club.
Something hits you but does no damage.
You closely miss the kobold. Something hits you but does no damage.
The kobold barely misses you.
You closely miss the kobold. Something hits you but does no damage.
The kobold hits you with a +0 club.
You hit the kobold. Something hits you but does no damage.
You closely miss the kobold. The kobold misses you.
You hear some strange, mumbled words.
A magic dart appears from out of thin air!
The magic dart hits you.
* * * LOW HITPOINT WARNING * * *
You barely miss the kobold. The kobold barely misses you. Something hits you.
* * * LOW HITPOINT WARNING * * *
You closely miss something. The kobold hits you but does no damage.
Something hits you but does no damage.
You hit something but do no damage. The kobold hits you with a +0 club.
* * * LOW HITPOINT WARNING * * *
Something hits you but does no damage.
You hit something but do no damage. The kobold hits you but does no damage.
You hear some strange, mumbled words.
A magic dart appears from out of thin air!
The magic dart hits you!
Ouch! That really hurt!
You die...

############....## ##≈≈≈≈...)..
.# #...#..#.#.#### ##≈≈≈≈.....
.######......#.#.#..###≈≈.≈≈.....
........................≈≈≈≈.....
################.#..###≈≈.≈......
#≈≈≈≈≈≈≈≈≈≈#≈≈≈#.........≈≈≈.....
≈≈≈≈#######≈≈###.#..##..≈≈≈≈.....
########≈≈≈≈≈###)#..###.≈≈≈≈≈..[.
...#≈≈≈≈≈######K@{.....≈≈≈≈≈.....
#########≈≈≈######.....≈≈≈≈≈.....
≈≈### #≈≈###......#..≈≈≈≈......
≈≈≈≈#####≈≈≈≈#......#..≈≈≈≈≈.....
##≈≈≈≈≈≈≈≈≈###............≈≈#####
.###≈≈≈#####.......####.≈≈≈≈≈≈≈≈#
.#≈≈≈≈##................≈≈≈.≈≈≈≈≈
.#######.#...#.##..####..≈≈≈≈≈≈≈#
...#####.....#.##..# ##≈≈≈≈≈≈≈##


You could see a kobold.

Vanquished Creatures
  3 bats (D:1)
  A goblin (D:1)
  4 hobgoblins (D:1)
  5 kobolds (D:1)
13 creatures vanquished.

Notes
Turn   | Place    | Note
-------+----------+-------------------------------------------
     0 | D:1      | vurker the Kobold Hunter began the quest for the Orb.
     0 | D:1      | Reached XP level 1. HP: 12/12 MP: 1/1
   432 | D:1      | Reached skill level 1 in Short Blades
   432 | D:1      | Reached skill level 5 in Crossbows
   493 | D:1      | Reached XP level 2. HP: 16/18 MP: 2/2
  1316 | D:1      | Killed from afar by an orc wizard

Levels and vault maps discovered:
D:1:      psy_arrival_radial02, layout_basic, serial_rivers,
          chequers_serial_rivers_small_a, chequers_serial_rivers_large_a,
          chequers_serial_rivers_large_b, chequers_serial_rivers_micro_b,
          chequers_serial_rivers_small_b
D:2:      layout_basic, minmay_misc_feat_columns, hangedman_feature_mirror,
          minmay_tetromino_l2

Skill      XL: |  1 |
---------------+----+-----
Short Blades   | 1 |  1.6
Crossbows      | 5 |  5.2
Fighting       | |  2.4
Dodging        | |  2.4
Stealth        | |  1.3

Action                   || total
-------------------------++-------
Melee: Short sword       ||    72
  Eat: Chunk             ||     8
Armor: Leather armour    ||     4
       Scale mail        ||    32
Dodge: Dodged            ||    48

Table legend:
 A = Non-vault XP
 B = Vault XP
 C = Vault XP percentage of total XP
 D = Non-vault monster count
 E = Vault monster count
 F = Vault count percentage of total count
                 A         B        C        D         E       F
            +---------+---------+-------+---------+---------+-------
      Total |      22 |       2 |   8.3 |      12 |       1 |   7.7
            +---------+---------+-------+---------+---------+-------
        D:1 |      22 |       2 |   8.3 |      12 |       1 |   7.7
            +---------+---------+-------+---------+---------+-------
